nyob, lawful female dwarven Valkyrie ------------ |..}%}.}@;.} #-.}.}.}.}.}. ###|..}.}%}.}. # |.}.....}. # -----%---- # ## # # # ------# |.....# |<...|## |..^..# ------ nyob the Woman-at-arms Experience level: 13 Strength: 25 Dexterity: 18 Constitution: 18 Intelligence: 7 Wisdom: 13 Charisma: 9 Health: 117(121) Energy: 24(24) Def: 13 Gold: 10835 Moves: 19030 Dungeon seed: cTeawXJQtFl9ej4X Game ID: nyob_1522189630 Your Inventory: Coins $ - 10835 gold pieces Amulets p - an uncursed amulet of reflection (being worn) Weapons a - the blessed rustproof +3 Excalibur (weapon in hand) f - a +0 dagger (in quiver) h - a +0 elven dagger x - a +0 elven dagger L - a +3 orcish dagger O - a blessed +0 silver dagger R - a rusty +3 dagger (wielded in other hand) Z - the rustproof +1 Mjollnir Armor e - an uncursed +3 small shield r - an uncursed +1 orcish helm (being worn) H - an uncursed +1 elven mithril-coat (being worn) J - an uncursed +0 set of black dragon scales N - an uncursed +1 pair of jumping boots (being worn) Q - a blessed rustproof +2 pair of gauntlets of power (being worn) Comestibles X - 32 uncursed lumps of royal jelly Scrolls S - 2 uncursed scrolls of teleportation Potions c - an uncursed potion of speed s - an uncursed potion of full healing T - 2 uncursed potions of levitation W - an uncursed potion of see invisible Rings g - an uncursed ring of slow digestion (on right hand) t - a blessed +1 ring of increase damage v - an uncursed ring of protection from shape changers A - an uncursed ring of see invisible (on left hand) B - an uncursed ring of cold resistance F - an uncursed +1 ring of protection K - an uncursed ring of teleport control Wands i - a blessed wand of cancellation named unknown against creatures (0:6) k - a wand of fire (0:4) o - a wand of lightning (0:5) C - a wand of magic missile (0:6) D - a wand of speed monster named unknown against monsteres (0:2) E - a wand of digging (0:1) I - a wand of striking (0:2) P - a wand of teleportation named cursed (0:7) Tools b - a +0 unicorn horn named black d - an uncursed bag of holding j - an uncursed oil lamp (lit) (0:1206) l - an uncursed lock pick m - an uncursed skeleton key u - an uncursed mirror w - a magic marker (0:84) U - an uncursed brass lantern (0:532) Gems n - 2 uncursed garnet stones y - 5 uncursed worthless pieces of green glass Y - an uncursed jasper stone Spells and supernatural/magical abilities: Name Level Category Fail Memory W - pray for help -- divine ? -- Y - supernatural jump -- ability ? -- Your skills at the end: Fighting Skills two weapon combat [Basic] Weapon Skills dagger [Expert] long sword [Expert] Spellcasting Skills Final Attributes: You were piously aligned. You were cold resistant. You were level-drain resistant. You saw invisible. You were telepathic. You had automatic searching. You had infravision. You were stealthy. You could jump. You were held by an electric eel. You had slower digestion. You were fast. You had reflection. You were wielding two weapons at once. You are dead. Vanquished creatures: a purple worm 2 black dragons a jabberwock a trapper a lich a nurse a lurker above 2 vampires 7 ghosts 2 queen bees a mind flayer 4 giant mimics 2 fire giants 3 ice trolls 3 rock trolls an umber hulk 2 doppelgangers 2 wumpuses 2 long worms 3 stalkers 2 air elementals a fire elemental an earth elemental a water elemental 2 hill giants a black naga a giant zombie a warg 2 winter wolves 2 small mimics a warhorse 2 xans an ettin mummy 3 ogre lords a quantum mechanic a djinni an electric eel a freezing sphere 2 shocking spheres a tiger 4 gargoyles a dwarf king 2 ochre jellies a leocrotta a mountain centaur 4 stone giants 2 elf mummies a red naga 3 wraiths 2 carnivorous apes an ettin zombie a leather golem a Grey-elf a horned devil a succubus 3 giant beetles 3 quivering blobs 12 cockatrices 4 wolves 4 winter wolf cubs a lynx a panther a gremlin 29 leprechauns 2 iron piercers a mumak 2 giant spiders a scorpion 2 horses 3 vampire bats 3 orc mummies 2 dwarf mummies 2 brown puddings 2 rust monsters 3 yetis a werewolf 2 Green-elves a giant eel 3 lizards a warrior 4 dingos 2 housecats 2 jaguars 2 blue jellies a white unicorn a gray unicorn a black unicorn 2 dust vortices 2 ravens 2 plains centaurs a gnome mummy 4 apes 2 human zombies 5 Woodland-elves a soldier ant 18 fire ants 12 bugbears 2 imps 2 quasits 5 wood nymphs 7 water nymphs a mountain nymph 14 Mordor orcs 14 Uruk-hai 3 orc shamans 3 rock piercers 2 rock moles 2 ponies 3 fog clouds 4 yellow lights 3 shriekers 2 violet fungi 6 gnome lords 2 gnomish wizards 2 kobold mummies a red naga hatchling a black naga hatchling a guardian naga hatchling 5 gray oozes 3 elf zombies 4 ghouls a straw golem a baby crocodile 4 giant ants 7 little dogs 9 floating eyes a kitten a dwarf 2 homunculi 5 kobold lords 5 kobold shamans 10 hill orcs 9 rothes 3 rabid rats 2 centipedes 4 giant bats 4 monkeys 4 orc zombies 2 dwarf zombies 2 werejackals 5 iguanas 71 killer bees 7 acid blobs 3 coyotes 8 gas spores 2 hobbits 5 manes 3 large kobolds 17 hobgoblins 8 giant rats 12 cave spiders 2 brown molds 8 yellow molds 5 green molds 2 red molds 7 gnomes 11 garter snakes 3 gnome zombies 4 geckos 10 jackals a fox 4 kobolds 13 goblins 9 sewer rats 9 grid bugs 15 bats 14 lichens 10 kobold zombies 13 newts 696 creatures vanquished. Genocided species: trolls 1 species genocided. Voluntary challenges: You had did not eat until turn 3690. You had followed a strict vegan diet until turn 3690. You had followed a strict vegetarian diet until turn 3690. You used a wielded weapon 774 times, starting on turn 2. You read items or engraved 30 times, starting on turn 262. You genocided 1 type of monster, starting on turn 1498. You never polymorphed an object. You changed form 1 time, starting on turn 5205. You used 1 wish, starting on turn 14530. You did not wish for any artifacts. You split 1 pudding, starting on turn 10057. You never wrote Elbereth's name. You violated your moral code, losing 75 points of alignment, starting on turn 653. Dungeon overview: The Dungeons of Doom: levels 1 to 26 Level 1 a long staircase Level 2 a scroll shop, an altar to Odin stairs to The Gnomish Mines Level 3 a general store, an altar to Tyr, a fountain, a sink Level 4 Level 5 a fountain Level 6 a potion shop Level 7 many fountains Level 8 an altar to Odin, some fountains stairs to Sokoban Level 9 Level 10 an altar to Loki, some fountains Level 11 a fountain Level 12 (throne) a fountain, a throne Level 13 Level 14 a temple to Tyr, some fountains portal to The Quest Level 15 Level 16 an altar to Loki, a throne Level 17 a sink Level 18 Level 19 Level 20 Level 21 a fountain, a sink Level 22 Level 23 a throne Level 24 Level 25 a fountain Level 26 <- You were here The Gnomish Mines: levels 3 to 10 Level 3 stairs to The Dungeons of Doom Level 4 Level 5 some shops, a temple to Tyr, a fountain Level 6 Level 7 Level 8 Level 9 Level 10 some fountains The Quest: Level 1 a fountain portal to The Dungeons of Doom Sokoban: levels 4 to 7 Level 4 Level 5 Level 6 Level 7 stairs to The Dungeons of Doom History has recorded: On T:1 you entered the Dungeons of Doom to retrieve the Amulet of Yendor! On T:277 you reached level 2 of The Dungeons of Doom. On T:292 you advanced to experience level 2. On T:651 you reached level 1 of The Gnomish Mines. On T:657 you advanced to experience level 3. On T:1098 you reached level 2 of The Gnomish Mines. On T:1195 you advanced to experience level 4. On T:1500 you reached level 3 of The Gnomish Mines. On T:1741 you advanced to experience level 5. On T:2004 you advanced to experience level 6. On T:2344 you reached level 4 of The Gnomish Mines. On T:2704 you reached level 5 of The Gnomish Mines. On T:3521 you reached level 6 of The Gnomish Mines. On T:3527 you advanced to experience level 7. On T:3690 you advanced to experience level 8. On T:3724 you reached level 7 of The Gnomish Mines. On T:4086 you reached level 8 of The Gnomish Mines. On T:5951 you advanced to experience level 9. On T:6682 you reached level 3 of The Dungeons of Doom. On T:7106 you reached level 4 of The Dungeons of Doom. On T:7404 you reached level 5 of The Dungeons of Doom. On T:7653 you reached level 6 of The Dungeons of Doom. On T:7905 you reached level 7 of The Dungeons of Doom. On T:8000 you received advice from The Oracle. On T:8131 you reached level 8 of The Dungeons of Doom. On T:8233 you advanced to experience level 10. On T:8936 you reached level 4 of Sokoban. On T:9343 you reached level 3 of Sokoban. On T:9852 you reached level 2 of Sokoban. On T:10226 you reached level 1 of Sokoban. On T:11898 you reached level 9 of The Dungeons of Doom. On T:12743 you reached level 11 of The Dungeons of Doom. On T:13082 you reached level 12 of The Dungeons of Doom. On T:13375 you reached level 13 of The Dungeons of Doom. On T:13594 you reached level 14 of The Dungeons of Doom. On T:13666 you reached level 1 of The Quest. On T:13709 you advanced to experience level 11. On T:14102 you reached level 15 of The Dungeons of Doom. On T:14447 you reached level 16 of The Dungeons of Doom. On T:14530 you wished for "blessed rustproof +2 gauntlets of power". On T:14792 you reached level 17 of The Dungeons of Doom. On T:15020 you reached level 18 of The Dungeons of Doom. On T:15320 you reached level 19 of The Dungeons of Doom. On T:15539 you reached level 20 of The Dungeons of Doom. On T:15796 you reached level 21 of The Dungeons of Doom. On T:16139 you reached level 22 of The Dungeons of Doom. On T:16662 you received Mjollnir from Tyr. On T:17428 you advanced to experience level 12. On T:17634 you reached level 23 of The Dungeons of Doom. On T:18251 you reached level 24 of The Dungeons of Doom. On T:18290 you advanced to experience level 13. On T:18587 you reached level 25 of The Dungeons of Doom. On T:18995 you reached level 26 of The Dungeons of Doom. Score breakdown: Gold: 10835 (13725 points) Experience: 13 levels (19298 points) Exploration: 26 levels ( 50.00%) (21004 points) Discoveries: 73 items ( 29.67%) (16342 points) Valuables value: (no points given unless you survive) Artifact value: 8000 (13277 points) Variety of kills: 169 monsters ( 44.36%) (19980 points) Turncount: 19030 turns (-3329 points) Survival: died (score multiplied by 80%) Total score: 80237 Latest messages: You get zapped! The electric eel brushes against your leg. You kill the giant eel! The electric eel bites! The electric eel brushes against your leg. You hit the electric eel! (2x) The electric eel bites! The electric eel brushes against your leg. You kill the electric eel! You kill the yellow mold! You kill the lichen! (3x) You kill the green mold! You are splashed by its acid! You see here a lichen corpse. It misses. The electric eel swings itself around you! You hit the electric eel! (2x) The electric eel bites! The electric eel drowns you... The bag of holding is empty. The bag of holding is empty. Final status: Farvel nyob the Valkyrie, drowned in a pool of water by an electric eel... You drowned in The Dungeons of Doom on dungeon level 26 with 80237 points, and 10835 pieces of gold, after 19030 moves. You were level 13 with a maximum of 121 hit points when you drowned.